 Dungeon Crawl Stone Soup version 0.19.1 (console) character file.

55997 nht the Executioner (level 14, -4/116 HPs)
             Began as a Minotaur Chaos Knight on Nov 24, 2016.
             Hit by a tomahawk thrown by an orc warrior (12 damage)
             ... on level 2 of the Orcish Mines.
             The game lasted 00:49:56 (21398 turns).

nht the Executioner (Minotaur Chaos Knight)        Turns: 21398, Time: 00:49:58

Health: -4/116     AC: 24    Str: 17    XL:     14   Next: 40%
Magic:  4/4        EV:  9    Int:  9    God:    Xom [...*..]
Gold:   1681       SH:  0    Dex: 11    Spells: 0 memorised, 13 levels left

rFire  . . .     SeeInvis +     I - +4 battleaxe (antimagic)
rCold  . . .     Gourm    .     m - +0 plate armour
rNeg   . . .     Faith    +     (shield currently unavailable)
rPois  .         Spirit   .     (helmet restricted)
rElec  .         Reflect  .     i - +1 cloak
rCorr  .         Harm     .     x - +1 pair of gloves
MR     ++...                    R - +2 pair of boots
Stlth  ..........               M - amulet of faith
                                K - ring of see invisible
                                C - ring of protection from magic

@: no status effects
A: retaliatory headbutt, horns 2, blurry vision 2, frail 1, high mp 1, weak 2,
MP-powered wands
a: Renounce Religion


You were on level 2 of the Orcish Mines.
You worshipped Xom.
You were a favourite toy of Xom.
You were not hungry.

You visited 3 branches of the dungeon, and saw 20 of its levels.
You visited the Abyss 1 time.
You also visited: Labyrinth.

You collected 2155 gold pieces.
You spent 474 gold pieces at shops.

Inventory:

Hand Weapons
 a - the +9 war axe of the Whale {venom, -Tele rPois Str+8}
   (You found it on level 8 of the Dungeon)

   It poisons the flesh of those it strikes.
   It affects your strength (+8).
   It protects you from poison.
   It prevents most forms of teleportation.
 t - the +4 hand axe of the Final Chapter {flame, Str+7, unknown}
   (You found it in a labyrinth)

   It has been specially enchanted to burn those struck by it, causing extra
   injury to most foes and up to half again as much damage against particularly
   susceptible opponents.
   Big, fiery blades are also staple armaments of hydra-hunters.
   It affects your strength (+7).
 u - the +4 mace "Gub Oci Mog" {vamp, rC++ Dex+2, unknown}
   (You found it on level 7 of the Dungeon)

   It inflicts no extra harm, but heals its wielder when it wounds a living foe.
   It affects your dexterity (+2).
   It greatly protects you from cold.
 I - a +4 antimagic battleaxe (weapon)
Missiles
 r - 5 poisoned javelins (quivered)
Armour
 i - a +1 cloak (worn)
 m - a +0 plate armour (worn)
 x - a +1 pair of gloves (worn)
 R - a +2 pair of boots (worn)
Rods
 J - a +5 rod of ignition (12/12)
   (You took it off a minotaur in a labyrinth)
Jewellery
 e - an uncursed amulet of rage
 f - an uncursed ring of flight
 s - an uncursed ring of resist corrosion
 C - a ring of protection from magic (left hand)
 K - a ring of see invisible (right hand)
 M - an amulet of faith (around neck)
Wands
 d - a wand of paralysis (11/24)
 o - a wand of slowing (42/48)
 y - a wand of flame (27/48)
 E - a wand of lightning (4/15)
 F - a wand of lightning (6/15)
 G - a wand of teleportation (5/9)
 H - a wand of disintegration (9/24)
 L - a wand of random effects (34/48)
 S - a wand of disintegration (9/24)
Scrolls
 g - 4 scrolls of enchant armour
 j - 7 scrolls of identify
 k - 4 scrolls of remove curse
 n - 3 scrolls of immolation
 q - 7 scrolls of teleportation
 z - 7 scrolls of recharging
 N - 4 scrolls of fog
Potions
 A - a potion of flight
Comestibles
 b - 15 chunks of flesh
 c - 11 bread rations
 l - 27 fruits
 p - 9 meat rations
 v - 10 beef jerkies
 w - 12 royal jellies
 O - a slice of pizza


   Skills:
 + Level 13.0 Fighting
 - Level 21.0 Axes
 + Level 13.0 Armour
 + Level 8.1 Dodging


You had 13 spell levels left.
You didn't know any spells.

Dungeon Overview and Level Annotations

Branches:
Dungeon (12/15)            Temple (0/1) D:6            Lair (6/6) D:9
  Swamp (0/4) Lair:4       Spider (0/4) Lair:4        Slime (0/5) Lair:5
    Orc (2/2) D:11            Elf (0/3) Orc:2

Altars:
Ashenzari
Elyvilon
Gozag
Nemelex Xobeh
Okawaru
Sif Muna
Trog
Uskayaw
Xom
Yredelemnul
The Shining One

Shops:
D:6 :   D:9 !*?

Annotations:
Lair:6 Enish's ghost, journeyman OpAK


Innate Abilities, Weirdness & Mutations

You reflexively headbutt those who attack you in melee.
You have a pair of horns on your head.
Scrolls take you longer to read.
You are frail. (-10% HP)
You have an increased reservoir of magic. (+10% MP)
You are very weak. (Str -4)
You expend magic power (3 MP) to strengthen your wands.


Message History

The orc sorcerer's magic leaks into the air.
The orc sorcerer is heavily wounded.
You hit the orc wizard but do no damage.
The orc sorcerer falters for a moment.
You hit the orc sorcerer.
The orc sorcerer's magic leaks into the air.
You headbutt the orc sorcerer.
The orc sorcerer is almost dead.
You hit the orc wizard.
The orc wizard's magic leaks into the air.
The orc wizard hits you but does no damage.
The orc sorcerer falters for a moment.
You slice the orc sorcerer!!
You kill the orc sorcerer!
Your Armour skill increases to level 13!
You slash the orc wizard!
You kill the orc wizard!
The orc warrior no longer looks unusually strong.
The orc warrior throws a tomahawk.
The tomahawk hits you!
You die...

█.........████........█ o
█........███.........█
██..................██
████...o........██.█
█.............███ oo
██...........██
██.)).......█ ███.......███
o ██.@.........██
██.............█
█..............███
██.......█........█
███.......███.......███
█..........█..........█
..........███.......████
..... .........██
████....█... ....█
███..........███..........█


You could see an orc warrior.

Vanquished Creatures
  Rupert (Lair:4)
  An ettin (Orc:1)
  A minotaur (Lab)
  Erolcha (D:11)
  Harold (D:12)
  A hydra (Lair:1)
  A catoblepas (Lair:6)
  A death yak (Lair:6)
  2 tengu warriors (D:9)
  5 orc high priests
  2 hill giants
  A lindwurm (Lair:6)
  A wolf spider (Lair:4)
  2 ugly things (D:11)
  A cyclops (D:11)
  3 orc sorcerers
  A manticore (D:11)
  8 elephants
  2 black mambas
  A gargoyle (D:11)
  11 spiny frogs
  6 torpor snails (Lair:6)
  5 komodo dragons
  3 rime drakes
  An ancient zyme (Abyss:3)
  A queen bee (Lair:2)
  2 trolls (D:11)
  Prince Ribbit (D:7)
  5 tyrant leeches
  4 blink frogs (Lair:6)
  A two-headed ogre (D:11)
  8 hornets
  A raiju (D:9)
  5 hippogriffs
  6 slime creatures (D:12)
  5 dream sheep (Lair:6)
  A ynoxinul (D:12)
  4 redbacks
  31 yaks
  Eustachio (D:5)
  A hungry ghost (D:9)
  3 mottled dragons
  A basilisk (Lair:6)
  4 vampire mosquitoes (D:12)
  A naga (Orc:1)
  3 wargs (D:11)
  10 water moccasins
  9 porcupines
  Duvessa (D:7)
  20 orc warriors
  4 ice beasts
  2 sky beasts
  8 ogres
  11 centaurs
  9 wolves
  14 crocodiles
  The ghost of hadoken the Conjurer, an amateur DECj (D:4)
  Blork the orc (D:5)
  A big kobold (D:8)
  10 bullfrogs
  A gnoll sergeant (D:9)
  Dowan (D:7)
  7 scorpions
  28 killer bees
  5 wights (D:11)
  An electric eel (Lair:2)
  2 howler monkeys
  2 centaur zombies
  3 crimson imps
  6 hounds
  3 bullfrog skeletons
  18 orc priests
  16 jellies
  25 orc wizards
  Crazy Yiuf (D:7)
  3 centaur skeletons
  An iguana (D:9)
  6 worker ants
  2 killer bee zombies (D:6)
  A hound zombie (D:7)
  A hound skeleton (D:7)
  A howler monkey zombie (D:6)
  Robin (D:3)
  2 worker ant zombies
  6 gnolls
  18 adders
  2 howler monkey skeletons
  A shadow imp (D:12)
  5 oozes
  An adder zombie (D:6)
  4 adder skeletons
  3 worms
  A dart slug (D:2)
  6 leopard geckos
  90 orcs
  A ball python (D:3)
  2 giant cockroaches
  15 goblins
  9 hobgoblins
  7 jackals
  20 kobolds
  2 quokkas (D:6)
  7 bats
  2 frilled lizards
  A giant cockroach zombie (D:5)
  9 rats
  4 fungi
606 creatures vanquished.

Vanquished Creatures (collateral kills)
  The ghost of Azzok the Warrior, a journeyman MiFi of Okawaru (Orc:2)
  A fire dragon (Lair:6)
  2 orc warriors (Orc:2)
  A gnoll (D:4)
5 creatures vanquished.

Vanquished Creatures (others)
  3 killer bees (D:11)
  5 fungi (Lair:6)
  29 plants
37 creatures vanquished.

Grand Total: 648 creatures vanquished

Notes
Turn   | Place    | Note
-------+----------+-------------------------------------------
     0 | D:1      | nht the Minotaur Chaos Knight began the quest for the Orb.
     0 | D:1      | Reached XP level 1. HP: 19/19 MP: 0/0
     3 | D:1      | Reached skill level 4 in Axes
    10 | D:1      | XOM: silly message
    36 | D:1      | Reached XP level 2. HP: 22/26 MP: 1/1
    57 | D:1      | XOM: harmless Erth miscast
   548 | D:2      | Found a faded altar of an unknown god.
   555 | D:2      | Reached skill level 5 in Axes
   650 | D:2      | Reached XP level 3. HP: 31/31 MP: 2/2
   654 | D:2      | XOM: divination: detect creatures
   665 | D:2      | XOM: potion effect (might)
   810 | D:2      | Found an iron altar of Okawaru.
   813 | D:2      | XOM: harmless Pois miscast
   820 | D:2      | Reached skill level 6 in Axes
   820 | D:2      | Reached XP level 4. HP: 23/39 MP: 3/3
  1214 | D:3      | Reached skill level 7 in Axes
  1214 | D:3      | Reached XP level 5. HP: 30/45 MP: 4/4
  1295 | D:3      | XOM: noise
  1542 | D:3      | XOM: smoke on damage
  1627 | D:3      | Found a glowing golden altar of the Shining One.
  1647 | D:3      | Noticed Robin
  1666 | D:3      | XOM: potion effect (brilliance)
  1684 | D:3      | Killed Robin
  1684 | D:3      | Reached skill level 8 in Axes
  1778 | D:3      | You fall through a shaft for 3 floors!
  1827 | D:6      | Reached XP level 6. HP: 44/51 MP: 5/5
  1865 | D:6      | Found a staircase to the Ecumenical Temple.
  1907 | D:6      | Reached skill level 9 in Axes
  1925 | D:6      | Reached XP level 7. HP: 14/57 MP: 6/6
  2151 | D:5      | Entered Level 5 of the Dungeon
  2152 | D:5      | Found a shattered altar of Ashenzari.
  2154 | D:5      | XOM: scenery: 1 doors open
  2251 | D:5      | Found a shimmering altar of Xom.
  2288 | D:5      | Noticed Eustachio
  2296 | D:5      | XOM: 8-stop teleportation journey
  2453 | D:4      | XOM: noise
  2484 | D:4      | XOM: polymorph worker ant -> centaur
  2491 | D:4      | Noticed hadoken's ghost (amateur DECj)
  2724 | D:4      | XOM: 1-stop teleportation journey
  2727 | D:4      | Reached skill level 10 in Axes
  2791 | D:4      | XOM: summons 2 friendly demons
  2913 | D:4      | Killed hadoken's ghost
  2913 | D:4      | Reached skill level 11 in Axes
  2993 | D:4      | Found an opulent altar of Gozag.
  3045 | D:4      | XOM: scenery: create altars
  3242 | D:4      | Found a sparkling altar of Nemelex Xobeh.
  3255 | D:4      | XOM: cloud trail
  3382 | D:5      | Reached XP level 8. HP: 63/64 MP: 7/7
  3429 | D:5      | XOM: enchant monster (bad)
  3435 | D:5      | Killed Eustachio
  3495 | D:5      | XOM: give mutation
  3495 | D:5      | Gained mutation: You possess an exceptional clarity of mind. [Xom's grace]
  3572 | D:5      | Noticed Blork the orc
  3574 | D:5      | Gained mutation: Your flesh is heat resistant. (rF+) [potion of mutation]
  3574 | D:5      | Gained mutation: You evolve. [potion of mutation]
  3574 | D:5      | Gained mutation: You are dopey. (Int -2) [potion of mutation]
  3576 | D:5      | XOM: confuse monster(s)
  3582 | D:5      | Killed Blork the orc
  3582 | D:5      | Reached skill level 12 in Axes
  3931 | D:6      | Found Weffaijytt's Book Emporium.
  3950 | D:6      | Found a white marble altar of Elyvilon.
  4102 | D:6      | Found a deep blue altar of Sif Muna.
  4142 | D:6      | XOM: divination: magic mapping
  4256 | D:6      | XOM: divination: magic mapping
  4261 | D:6      | XOM: mild Chrm miscast
  4265 | D:6      | Reached skill level 13 in Axes
  4444 | D:6      | XOM: stat loss: -1 Str (18/19)
  4467 | D:7      | Noticed Prince Ribbit
  4473 | D:7      | Killed Prince Ribbit
  4473 | D:7      | Reached XP level 9. HP: 48/70 MP: 8/8
  4543 | D:7      | Reached skill level 14 in Axes
  4724 | D:7      | XOM: smoke on damage
  4935 | D:6      | XOM: give mutations
  4935 | D:6      | Lost mutation: You possess an exceptional clarity of mind. [Xom's mischief]
  4935 | D:6      | Gained mutation: Your body sometimes deteriorates upon taking damage. [Xom's mischief]
  4935 | D:6      | Lost mutation: Your body sometimes deteriorates upon taking damage. [Xom's mischief]
  5276 | D:7      | Noticed Duvessa
  5277 | D:7      | Noticed Dowan
  5284 | D:7      | Killed Duvessa
  5292 | D:7      | Killed Dowan
  5470 | D:7      | Found a basalt altar of Yredelemnul.
  5558 | D:7      | Found a runed door.
  5593 | D:7      | XOM: mild Conj miscast
  5863 | D:7      | XOM: noise
  5896 | D:7      | Noticed Crazy Yiuf
  5902 | D:7      | Killed Crazy Yiuf
  5904 | D:7      | Got a jewelled mace
  5912 | D:7      | XOM: harmless Hex miscast
  5959 | D:8      | Reached skill level 15 in Axes
  5992 | D:8      | XOM: 1-stop teleportation journey
  5998 | D:8      | XOM: 6-stop teleportation journey
  6193 | D:8      | XOM: medium Fire miscast
  6238 | D:8      | Found a bloodstained altar of Trog.
  6411 | D:8      | Got a transparent war axe
  6412 | D:8      | Identified the +9 war axe of the Whale {venom, -Tele rPois Str+8} (You found it on level 8 of the Dungeon)
  6412 | D:8      | XOM: swap monsters
  6463 | D:8      | XOM: enchant monster (good)
  6470 | D:8      | Reached skill level 16 in Axes
  6727 | D:9      | Found Mitwao's Magic Scroll Emporium.
  6736 | D:9      | XOM: polymorph eye of draining -> raiju
  6740 | D:9      | Reached XP level 10. HP: 69/80 MP: 0/9
  6747 | D:9      | Bought a scroll of teleportation for 45 gold pieces
  6840 | D:9      | Found a staircase to the Lair.
  6840 | D:9      | Noticed an elephant
  6840 | D:9      | XOM: divination: detect creatures
  6847 | D:9      | Killed an elephant
  6847 | D:9      | Reached skill level 5 in Fighting
  7039 | D:9      | XOM is BORED!
  7039 | D:9      | XOM: medium Chrm miscast
  7076 | D:9      | Noticed a tengu warrior
  7076 | D:9      | Noticed a tengu warrior
  7113 | D:9      | Found Atwuskat's Assorted Antiques.
  7123 | D:9      | Bought a blue potion for 17 gold pieces
  7123 | D:9      | Bought a glowing white potion for 17 gold pieces
  7123 | D:9      | Bought a glowing bronze wand for 76 gold pieces
  7126 | D:9      | Gained mutation: You are robust. (+10% HP) [evolution]
  7127 | D:9      | Reached skill level 5 in Armour
  7201 | D:9      | XOM: summons 3 friendly demons
  7205 | D:9      | Killed a tengu warrior
  7296 | D:9      | XOM: give mutations
  7296 | D:9      | Gained mutation: You have an increased reservoir of magic. (+10% MP) [Xom's grace]
  7296 | D:9      | Gained mutation: You are very robust. (+20% HP) [Xom's grace]
  7296 | D:9      | Gained mutation: You are extremely robust. (+30% HP) [Xom's grace]
  7296 | D:9      | Gained mutation: You have large cloven feet. [Xom's grace]
  7298 | Lair:1   | Entered Level 1 of the Lair of Beasts
  7375 | Lair:1   | Got a scorched war axe
  7376 | Lair:1   | Identified the +5 war axe "Loer" {chop, rC- rN++ Str+9 Dex-5} (You found it on level 1 of the Lair of Beasts)
  7447 | Lair:1   | XOM: enchant monster (bad)
  7560 | Lair:1   | Noticed a six-headed hydra
  7575 | Lair:1   | Killed a six-headed hydra
  7702 | Lair:1   | XOM: harmless Tloc miscast
  7712 | Lair:1   | Reached XP level 11. HP: 118/123 MP: 11/11
  8033 | Lair:2   | XOM: mild Air miscast
  8060 | Lair:2   | XOM: medium Necr miscast
  8067 | Lair:2   | Found a bloodstained altar of Trog.
  8251 | Lair:2   | XOM: mild Chrm miscast
  8295 | Lair:2   | Reached skill level 10 in Fighting
  8377 | Lair:2   | XOM: mild Divn miscast
  8463 | Lair:2   | Reached skill level 10 in Armour
  8479 | Lair:2   | Found a shimmering altar of Xom.
  9115 | Lair:2   | XOM: give mutations
  9115 | Lair:2   | Gained mutation: You are very dopey. (Int -4) [Xom's mischief]
  9115 | Lair:2   | Gained mutation: You tend to lose your temper in combat. [Xom's mischief]
  9115 | Lair:2   | Gained mutation: Your body sometimes deteriorates upon taking damage. [Xom's mischief]
  9151 | Lair:2   | XOM: harmless Fire miscast
  9830 | Lair:3   | XOM: summons 5 hostile demons
  9970 | Lair:3   | You fall through a shaft!
  9973 | Lair:4   | Found a hole to the Spider Nest.
  9980 | Lair:4   | XOM: polymorph redback -> torpor snail
  9991 | Lair:4   | Noticed a wolf spider
  9991 | Lair:4   | a torpor snail changed into a wolf spider
  9991 | Lair:4   | XOM: polymorph torpor snail -> wolf spider
  9993 | Lair:4   | Killed a wolf spider
  9998 | Lair:4   | Found a labyrinth entrance.
 10007 | Lab      | Entered a labyrinth
 10296 | Lab      | XOM: god gift: runed battleaxe {god gift}
 10420 | Lab      | Noticed a minotaur
 10428 | Lab      | XOM: god gift: glowing naga barding {god gift}
 10429 | Lab      | Killed a minotaur
 10435 | Lab      | Identified the Volume of Attacks and Air
 10438 | Lab      | Got a pitted hand axe
 10567 | Lair:4   | Found a staircase to the Swamp.
 10568 | Lair:4   | XOM: enchant monster (good)
 10626 | Lair:4   | XOM: summons 2 friendly demons
 10630 | Lair:4   | Reached XP level 12. HP: 92/143 MP: 12/12
 10659 | Lair:4   | Reached skill level 17 in Axes
 10801 | Lair:4   | XOM: harmless Ice miscast
 11038 | Lair:4   | Noticed Rupert
 11051 | Lair:4   | Killed Rupert
 11096 | Lair:4   | XOM: harmless Pois miscast
 11179 | Lair:4   | XOM: give mutations
 11179 | Lair:4   | Lost mutation: Your flesh is heat resistant. (rF+) [Xom's mischief]
 11179 | Lair:4   | Lost mutation: You are extremely robust. (+30% HP) [Xom's mischief]
 11179 | Lair:4   | Gained mutation: You are weak. (Str -2) [Xom's mischief]
 11328 | Lair:4   | XOM: mild Pois miscast
 11529 | Lair:5   | XOM: summons 1 hostile demon
 11531 | Lair:5   | Reached skill level 18 in Axes
 11539 | Lair:5   | Found a staircase to the Slime Pits.
 11552 | Lair:5   | XOM: cast spell 'Spider Form'
 11580 | Lair:5   | XOM: divination: magic mapping
 11643 | Lair:4   | XOM: summons 2 hostile shadow creatures
 11848 | Lair:4   | XOM: god gift: 6 poisoned javelins
 11875 | Lair:5   | XOM: harmless Summ miscast
 11896 | Lair:5   | XOM: cast spell 'Ice Form'
 11909 | Lair:5   | XOM: harmless Air miscast
 12086 | Lair:5   | XOM: harmless Tloc miscast
 12165 | Lair:5   | XOM: noise
 12166 | Lair:5   | XOM: cast spell 'Summon Mana Viper'
 12222 | Lair:5   | XOM: mild Chrm miscast
 12261 | Lair:5   | XOM: harmless Conj miscast
 12345 | Lair:5   | XOM: harmless Ice miscast
 12487 | Lair:5   | XOM: cleaving
 12492 | Lair:5   | XOM: summons friendly white imp
 12593 | Lair:5   | XOM: polymorph white imp -> crimson imp
 12790 | Lair:6   | Entered Level 6 of the Lair of Beasts
 12790 | Lair:6   | Noticed a catoblepas
 12791 | Lair:6   | Lost mutation: You tend to lose your temper in combat. [potion of cure mutation]
 12791 | Lair:6   | Lost mutation: Your body sometimes deteriorates upon taking damage. [potion of cure mutation]
 12791 | Lair:6   | Lost mutation: You are very dopey. (Int -4) [potion of cure mutation]
 12791 | Lair:6   | Lost mutation: You are dopey. (Int -2) [potion of cure mutation]
 12791 | Lair:6   | Lost mutation: You have large cloven feet. [potion of cure mutation]
 12794 | Lair:6   | Noticed a death yak
 12799 | Lair:6   | Killed a catoblepas
 12799 | Lair:6   | Reached skill level 19 in Axes
 12803 | Lair:6   | Killed a death yak
 12827 | Lair:6   | XOM: scenery: create altars
 12847 | Lair:6   | XOM: cloud trail
 12890 | Lair:6   | XOM: cast spell 'Summon Butterflies'
 12960 | Lair:6   | XOM: destruction
 12969 | Lair:6   | XOM: potion effect (brilliance)
 12972 | Lair:6   | Reached XP level 13. HP: 102/139 MP: 13/13
 13097 | Lair:6   | Found a runed door.
 13146 | Lair:6   | Identified a +5 rod of ignition (12/12) (You took it off a minotaur in a labyrinth)
 13181 | Lair:6   | XOM: summons friendly ufetubus
 13183 | Lair:6   | XOM: severe Tloc miscast
 13185 | Lair:6   | XOM: cast spell 'Spider Form'
 13188 | Lair:6   | XOM: divination: detect items
 13193 | Lair:6   | XOM: torment (9/139 hp)
 13194 | Lair:6   | HP: 4/139 [poisoned by a black mamba]
 13226 | Lair:6   | HP: 6/139 [poisoned by a black mamba]
 13231 | Lair:6   | HP: 6/139 [poisoned by a black mamba]
 13251 | Lair:6   | XOM: give mutations
 13251 | Lair:6   | Gained mutation: You have a pair of large horns on your head. [Xom's mischief]
 13251 | Lair:6   | Gained mutation: You are very weak. (Str -4) [Xom's mischief]
 13359 | Lair:6   | XOM: draining
 13562 | Lair:6   | Reached skill level 20 in Axes
 13690 | Lair:6   | XOM: scenery: create altars
 13725 | Lair:6   | XOM: cast spell 'Statue Form'
 13835 | Lair:6   | XOM: draining
 14011 | Lair:6   | XOM: torment (71/139 hp)
 14114 | Lair:6   | XOM: summons 6 hostile demons
 14191 | Lair:6   | XOM: give mutation
 14191 | Lair:6   | Lost mutation: You have a pair of large horns on your head. [Xom's mischief]
 14285 | Lair:6   | Paralysed by a hornet for 1 turns
 14359 | Lair:6   | XOM: give mutations
 14359 | Lair:6   | Lost mutation: You evolve. [Xom's mischief]
 14359 | Lair:6   | Gained mutation: Armour fits poorly on your strangely shaped body. [Xom's mischief]
 14376 | Lair:6   | XOM: give mutations
 14376 | Lair:6   | Lost mutation: You are very robust. (+20% HP) [Xom's mischief]
 14376 | Lair:6   | Lost mutation: You are robust. (+10% HP) [Xom's mischief]
 14376 | Lair:6   | Lost mutation: Armour fits poorly on your strangely shaped body. [Xom's mischief]
 14376 | Lair:6   | Gained mutation: Scrolls take you a little longer to read. [Xom's mischief]
 14426 | Lair:6   | Noticed a fire dragon
 14426 | Lair:6   | Noticed Enish's ghost (journeyman OpAK)
 14481 | Lair:6   | XOM: noise
 14880 | Lair:6   | XOM: summons 2 hostile shadow creatures
 14901 | Lair:6   | Killed a fire dragon
 15117 | Lair:6   | XOM: harmless Tloc miscast
 15306 | D:9      | XOM: confuse monster(s)
 15310 | D:9      | Reached skill level 21 in Axes
 15326 | D:9      | Found Lekoq's Distillery.
 15329 | D:9      | Bought a potion of berserk rage for 55 gold pieces
 15329 | D:9      | Bought a potion of might for 44 gold pieces
 15329 | D:9      | Bought a potion of haste for 110 gold pieces
 15329 | D:9      | Bought a potion of haste for 110 gold pieces
 15562 | D:9      | XOM: mild Divn miscast
 15627 | D:10     | Entered Level 10 of the Dungeon
 15652 | D:10     | XOM: noise
 15667 | D:10     | XOM: noise
 15677 | D:10     | XOM: summons friendly iron imp
 15683 | D:10     | XOM: cast spell 'Call Canine Familiar'
 15757 | D:10     | Reached skill level 5 in Dodging
 15789 | D:10     | XOM: polymorph iron imp -> crimson imp
 15809 | D:10     | XOM: polymorph crimson imp -> iron imp
 16152 | D:10     | XOM: confuse monster(s)
 16314 | D:9      | XOM: cloud trail
 16441 | D:6      | Found a hide-covered altar of Uskayaw.
 16684 | D:11     | Noticed Erolcha
 16684 | D:11     | XOM: enchant monster (good)
 16688 | D:11     | XOM: divine lightning
 16689 | D:11     | XOM: cast spell 'Disjunction'
 16701 | D:11     | XOM: divination: detect items
 16926 | D:11     | XOM: scenery: 1 doors open
 16943 | D:11     | XOM: torment (52/117 hp)
 17231 | D:11     | XOM: harmless Ice miscast
 17248 | D:11     | XOM: harmless Hex miscast
 17321 | D:11     | Found a staircase to the Orcish Mines.
 17585 | D:12     | XOM is BORED!
 17585 | D:12     | XOM: mild Summ miscast
 17760 | D:12     | XOM: 2-stop teleportation journey
 17886 | D:12     | XOM: potion effect (agility)
 17990 | D:12     | XOM: swap monsters
 18130 | D:12     | Noticed Harold
 18139 | D:12     | Killed Harold
 18325 | D:11     | XOM: summons friendly shadow imp
 18331 | D:11     | Killed Erolcha
 18331 | D:11     | Reached XP level 14. HP: 111/127 MP: 4/14
 18346 | Orc:1    | Entered Level 1 of the Orcish Mines
 18365 | D:11     | HP: 4/127 [warg (5)]
 19037 | Orc:1    | XOM: harmless Ice miscast
 19041 | Orc:1    | XOM: potion effect (haste)
 19055 | Orc:1    | XOM: cast spell 'Necromutation'
 19133 | D:11     | XOM: divination: detect creatures
 19272 | Orc:1    | XOM: scenery: create altars
 19434 | Orc:1    | XOM: confuse monster(s)
 19444 | Orc:1    | XOM: polymorph cyclops -> elephant
 19446 | Orc:1    | XOM: god gift: knobbly glowing staff {god gift}
 19448 | Orc:1    | XOM: summons 4 hostile shadow creatures
 19503 | Orc:1    | HP: 4/127 [orc priest/divine providence (11)]
 19510 | D:11     | HP: 3/127 [poisoned by a naga (splash of poison)]
 19742 | D:12     | Cast into level 3 of the Abyss (Xom)
 19770 | Abyss:3  | XOM: confusion
 19774 | Abyss:3  | XOM: summons 4 hostile demons
 19789 | Abyss:3  | XOM: severe Tmut miscast
 19800 | Abyss:3  | Gained mutation: You expend magic power (3 MP) to strengthen your wands. [mutagenic glow]
 19808 | D:12     | Escaped the Abyss
 19862 | D:12     | Gained mutation: You are frail. (-10% HP) [mutagenic glow]
 19916 | D:12     | Gained mutation: You have a somewhat thin skeletal structure. (Dex +2, Stealth) [mutagenic glow]
 19972 | D:12     | Gained mutation: You are clumsy. (Dex -2) [mutagenic glow]
 20213 | Orc:1    | XOM: enchant monster (bad)
 20625 | Orc:2    | Entered Level 2 of the Orcish Mines
 20634 | Orc:2    | Noticed Azzok's ghost (journeyman MiFi)
 20653 | Orc:2    | Killed Azzok's ghost
 20871 | Orc:1    | XOM: give mutations
 20871 | Orc:1    | Lost mutation: You have a somewhat thin skeletal structure. (Dex +2, Stealth) [Xom's mischief]
 20871 | Orc:1    | Lost mutation: You are clumsy. (Dex -2) [Xom's mischief]
 20871 | Orc:1    | Gained mutation: Scrolls take you longer to read. [Xom's mischief]
 21011 | Orc:2    | XOM: medium Divn miscast
 21065 | Orc:2    | Found a staircase to the Elven Halls.
 21110 | Orc:2    | XOM: polymorph orc wizard -> jelly
 21217 | Orc:2    | XOM: 2-stop teleportation journey
 21242 | Orc:2    | XOM: fake destruction
 21243 | Orc:2    | XOM: scenery: create altars
 21252 | Orc:2    | XOM: divination: detect creatures
 21288 | Orc:2    | XOM: scenery: create altars
 21317 | Orc:2    | Noticed an orc warlord
 21333 | Orc:2    | XOM: harmless Erth miscast
 21388 | Orc:2    | HP: 5/116 [orc sorcerer/bolt of fire (19)]
 21398 | Orc:2    | Hit by a tomahawk thrown by an orc warrior

Skill      XL: |  1  2  3  4  5  6  7  8  9 10 11 12 13 14 |
---------------+-------------------------------------------+-----
Axes           | 4 5 6 7 8 9 11 13 16 19 21 | 21.0
Fighting       | 4 8 11 12 13 | 13.0
Armour         | 3 8 11 12 13 | 13.0
Dodging        | 4 6 8 |  8.1

Action                   |  1- 3 |  4- 6 |  7- 9 | 10-12 | 13-15 || total
-------------------------+-------+-------+-------+-------+-------++-------
Melee: Hand axe          |    66 |    58 |       |       |       ||   124
       Headbutt          |     9 |    12 |    63 |    81 |   130 ||   295
       War axe           |       |    95 |   346 |   402 |   202 ||  1045
       Kick              |       |       |       |    40 |       ||    40
       Unarmed           |       |       |       |    20 |     1 ||    21
       Battleaxe         |       |       |       |       |   428 ||   428
Throw: Javelin           |       |       |       |       |     1 ||     1
Evoke: Wand              |       |       |     4 |    15 |     6 ||    25
       Rod               |       |       |       |       |     2 ||     2
       Sack of spiders   |       |       |       |       |     4 ||     4
  Use: Potion            |       |     2 |     2 |     9 |    14 ||    27
       Scroll            |       |       |    10 |     9 |     7 ||    26
 Stab: Paralysed         |     1 |     1 |     6 |     1 |     5 ||    14
       Sleeping          |       |       |     3 |       |     1 ||     4
       Confused          |       |       |     2 |       |     3 ||     5
       Petrified         |       |       |     2 |       |       ||     2
       Distracted        |       |       |       |       |     3 ||     3
  Eat: Chunk             |       |     3 |    16 |    17 |    28 ||    64
       Fruit             |       |       |       |     2 |       ||     2
       Pizza             |       |       |       |     1 |       ||     1
Armor: Leather armour    |    15 |    37 |    56 |       |       ||   108
       Skin              |       |    33 |       |     6 |     8 ||    47
       Plate armour      |       |       |    53 |   219 |   260 ||   532
       Mottled dragon sc |       |       |       |       |    48 ||    48
Dodge: Dodged            |    35 |    91 |   131 |   161 |   276 ||   694
